 Dungeon Crawl Stone Soup version 0.29-a0-284-gf9362112df (webtiles) character file.

Game seed: 12050969178145758782

25 sammy202020 the Skirmisher (level 2, 0/37 HPs)
             Began as a Palentonga Berserker on Mar 23, 2022.
             Was a Follower of Trog.
             Succumbed to Crazy Yiuf's poison
             ... on level 2 of the Dungeon.
             The game lasted 00:02:13 (1883 turns).

sammy202020 the Skirmisher (Palentonga Berserker)   Turns: 1883, Time: 00:02:13

Health: 0/37       AC:  9    Str: 20    XL:     2   Next: 86%
Magic:  2/2        EV:  4    Int:  7    God:    Trog [*.....]
Gold:   115        SH:  0    Dex:  9    Spells: 1/1 levels left

rFire   . . .      SeeInvis +   a - +0 hand axe
rCold   . . .      Faith    .   (no shield)
rNeg    . . .      Spirit   .   k - +1 plate armour
rPois   .          Reflect  .   (no helmet)
rElec   .          Harm     .   (no cloak)
rCorr   .          Rampage  .   (no gloves)
Will    .....                   (no barding)
Stlth   ..........              j - amulet of the acrobat
HPRegen 0.12/turn               (no ring)
MPRegen 0.08/turn               (no ring)

@: berserking, lethally poisoned (0 -> -15), slowed
A: large, rugged brown scales 3, see invisible, deformed body, roll 1, armoured
tail
a: Rolling Charge, Renounce Religion, Berserk


You were on level 2 of the Dungeon.
You worshipped Trog.
Trog was aware of your devotion.
You visited 1 branch of the dungeon, and saw 2 of its levels.

You collected 115 gold pieces.

Inventory:

Hand Weapons
 a - a +0 hand axe (weapon)
Armour
 k - a +1 plate armour (worn)
Jewellery
 j - an amulet of the acrobat (around neck)
Scrolls
 d - a scroll of identify
 h - a scroll of teleportation
Potions
 b - a potion of degeneration
 c - a potion of invisibility {unknown}
 e - 3 potions of curing
 i - a potion of haste


   Skills:
 * Level 3.3 Fighting
 * Level 3.3 Axes
 * Level 2.0 Armour
 - Level 1.6 Dodging


You had one spell level left.
You didn't know any spells.
Your spell library was empty.

Dungeon Overview and Level Annotations

Branches:
Dungeon (2/15)

Altars:

Annotations:
D:2 Crazy Yiuf


Innate Abilities, Weirdness & Mutations

You are completely covered in rugged brown scales. (AC +3, +7% HP)
You have supernaturally acute eyesight. (SInv)
Armour fits poorly on your strangely shaped body.
You can roll at nearby foes to attack.
You have a long armoured tail.


Message History

You hit the endoplasm.
The endoplasm is almost dead.
The endoplasm hits you but does no damage.
You hit the endoplasm.
You kill the endoplasm!
Trog accepts your kill.
No target in view!
No target in view!
No target in view!
No target in view!
No target in view!
No target in view!
No target in view!
Found a stone staircase leading down.
There is a stone staircase leading down here.
Found a stone staircase leading down.
There is a stone staircase leading down here.
Crazy Yiuf shouts!
Crazy Yiuf yells, "Race foot light!"
You open the door. You hit Crazy Yiuf but do no damage.
Crazy Yiuf hits you with a +2 quarterstaff of chaos!
You feel yourself slow down.
You hit Crazy Yiuf.
Crazy Yiuf is lightly wounded.
Crazy Yiuf glowers.
Crazy Yiuf hits you with a +2 quarterstaff of chaos.
You are poisoned.
Crazy Yiuf says, "Dawk!
Scoff action unthinkable."
Crazy Yiuf hits you but does no damage.
You are lethally poisoned!
A red film seems to cover your vision as you go berserk!
You feel yourself moving faster!
You feel mighty!
You feel extremely sick.
Crazy Yiuf hits you with a +2 quarterstaff of chaos!
* * * LOW HITPOINT WARNING * * *
You resist with significant effort.
You hit Crazy Yiuf.
Crazy Yiuf is moderately wounded.
You die...

#.## #... ########## ###.##
.........# #..... ##########
#.#.## #.#.#. ### #######.#.#.
#)..### ##P...##.#.#. ########
#...g@####PP....#.#.#. #......#
#...##..#.P#........#. #......#
### ###.#..........#. #......#
#######......#. #......#
####.#.#. #......############
#.#.#.
#...).............########.#.##
#...........###................
#...........# #################


You could see Crazy Yiuf.

Vanquished Creatures
  2 ball pythons (D:2)
  7 endoplasms
  3 goblins
  2 hobgoblins (D:1)
  4 kobolds
  4 rats
22 creatures vanquished.

Vanquished Creatures (others)
  A fungus (D:2)
1 creature vanquished.

Grand Total: 23 creatures vanquished

Notes
Turn   | Place    | Note
-------+----------+-------------------------------------------
     0 | D:1      | sammy202020 the Palentonga Berserker began the quest for
                  | the Orb.
     0 | D:1      | Reached XP level 1. HP: 19/19 MP: 1/1
    36 | D:1      | Found a faded altar of an unknown god.
   371 | D:1      | Reached XP level 2. HP: 25/25 MP: 2/2
  1604 | D:2      | Found a runed translucent door.
  1605 | D:2      | Noticed Crazy Yiuf
  1883 | D:2      | Succumbed to Crazy Yiuf's poison

Illustrated notes

Levels and vault maps discovered:
D:1:      lemuel_arrival_funnel, layout_loops_cross,
          hellmonk_ecumenical_altar_pennies_from_heaven
D:2:      layout_basic, dk_noncrumbling_4, uniq_crazy_yiuf_cottage

Skill      XL: |  1  2 |
---------------+-------+-----
Armour         | 2 |  2.0
Fighting       | |  3.3
Axes           | |  3.3
Dodging        | |  1.6

Action                   || total
-------------------------++-------
Melee: Hand axe          ||    48
       Tailslap          ||     4
Invok: Berserk           ||     1
  Use: Scroll            ||     7
Armor: Animal skin       ||     4
       Plate armour      ||     6
       Ring mail         ||     5
Dodge: Dodged            ||    14

Table legend: (Time is in decaauts)
 A = Elapsed time spent in this place.
 B = Non-inter-level travel time spent in this place.
 C = Inter-level travel time spent in this place.
 D = Time resting spent in this place.
 E = Time spent auto-exploring this place.
 F = Levels seen in this place.
 G = Mean time per level.
                   A        B        C        D        E       F      G
               +--------+--------+--------+--------+--------+-----+--------+
         Total |   1893 |   1858 |     35 |      0 |   1642 |   2 |  946.5 |
       Dungeon |   1893 |   1858 |     35 |      0 |   1642 |   2 |  946.5 |
               +--------+--------+--------+--------+--------+-----+--------+

Top non-repeatable levels by time:
     D:2: 1176 daAuts
     D:1: 716 daAuts
